Map: [ESL] Site Delta

Players

ShoWTimE

  • Race: Protoss Protoss
  • League: Master
  • Spawn Location: 11:00

Reynor - Winner!

  • Race: Zerg Zerg
  • League: Master
  • Spawn Location: 5:00

Event: HomeStory Cup XXIV

VOD

Have the link to the VOD?

Description

Time

  • Played on: Dec. 3, 2023, 9:57 a.m.
  • Length: 18:44

All games in this series

Show
View Real Time Build Order
Export as new Build Order

ShoWTimE Protoss 

Build Orders: 1 Gate Expand, Oracle Opening, Archon Immortal, Archon Drop 

Get SALT Encoding   

  12  0:00  Probe  
  13  0:12  Probe  
  14  0:17  Pylon  
  14  0:24  Probe (Chrono Boost)  
  15  0:36  Probe (Chrono Boost)  
  15  0:37  Gateway  
  16  0:45  Probe (Chrono Boost)  
  16  0:46  Assimilator  
  17  0:51  Probe  
  18  1:03  Probe  
  19  1:15  Probe  
  20  1:22  Nexus  
  20  1:31  Cybernetics Core  
  20  1:34  Probe  
  20  1:38  Assimilator  
  21  1:46  Probe  
  22  1:50  Pylon  
  22  1:58  Probe (Chrono Boost)  
  23  2:05  Adept (Chrono Boost)  
  25  2:10  Probe (Chrono Boost)  
  25  2:12  Stargate  
  26  2:17  Probe (Chrono Boost)  
  26  2:20  Warp Gate  
  27  2:27  Adept  
  27  2:29  Probe (Chrono Boost)  
  30  2:33  Probe (Chrono Boost)  
  31  2:43  Probe x2 (Chrono Boost)  
  33  2:48  Probe (Chrono Boost)  
  33  2:51  Probe  
  35  2:55  Pylon  
  35  2:57  Oracle (Chrono Boost)  
  38  3:00  Probe  
  38  3:03  Probe  
  38  3:05  Stalker  
  42  3:11  Gateway  
  42  3:13  Probe  
  42  3:15  Probe  
  44  3:25  Probe  
  45  3:27  Oracle (Chrono Boost), Probe  
  45  3:32  Pylon  
  49  3:37  Probe  
  49  3:39  Probe  
  51  3:48  Nexus  
  51  3:50  Probe  
  51  3:52  Probe  
  53  4:02  Probe, Pylon  
  57  4:04  Probe  
  57  4:07  Assimilator  
  57  4:09  Assimilator  
  55  4:13  Forge  
  55  4:14  Probe  
  55  4:15  Twilight Council  
  56  4:17  Probe  
  57  4:27  Probe  
  57  4:29  Probe  
  59  4:32  Gateway, Protoss Ground Weapons Level 1 (Chrono Boost)  
  59  4:33  Gateway  
  59  4:37  Charge  
  59  4:39  Robotics Facility, Probe  
  59  4:42  Probe  
  61  4:51  Probe  
  62  4:54  Probe  
  62  4:56  Gateway  
  62  4:57  Gateway  
  63  5:00  Probe  
  63  5:03  Probe  
  63  5:06  Probe  
  63  5:12  Probe  
  63  5:14  Shield Battery  
  64  5:16  Pylon  
  64  5:18  Templar Archives, Probe x2  
  66  5:25  Probe, Adept x2  
  71  5:29  Warp Prism (Chrono Boost)  
  71  5:30  Probe x2  
  71  5:37  Zealot, Probe  
  71  5:38  Zealot  
  71  5:42  Probe  
  77  5:43  Pylon  
  77  5:44  Probe  
  77  5:48  Assimilator  
  77  5:49  Probe  
  79  5:53  Assimilator  
  79  5:54  High Templar x2, Probe  
  79  5:56  Probe  
  85  5:58  Pylon  
  85  5:59  High Templar x2, Archon  
  85  6:01  Probe  
  85  6:03  Archon  
  90  6:04  Zealot x2  
  90  6:08  Pylon  
  90  6:11  Observer (Chrono Boost)  
  95  6:14  Probe  
  95  6:16  Pylon  
  96  6:19  Pylon  
  96  6:26  Protoss Ground Weapons Level 2 (Chrono Boost), Zealot x2  
  96  6:28  Zealot x2  
  96  6:29  Immortal (Chrono Boost)  
  106  6:42  Zealot x2  
  106  6:47  Zealot x2  
  106  6:50  Zealot x2  
  104  7:01  Probe x2  
  102  7:02  Pylon  
  102  7:04  Immortal (Chrono Boost)  
  102  7:08  Zealot x4  
  103  7:11  Zealot x2  
  101  7:25  Probe  
  98  7:33  Nexus  
  98  7:36  High Templar x2, Immortal (Chrono Boost)  
  98  7:37  High Templar x3  
  103  7:42  Archon x2  
  107  7:45  Pylon  
  107  7:47  Robotics Facility  
  107  7:51  Photon Cannon  
  107  7:53  Photon Cannon  
  107  7:55  High Templar  
  109  8:00  Probe x2  
  109  8:01  Archon, Probe  
  112  8:06  Blink (Chrono Boost)  
  112  8:07  Photon Cannon  
  112  8:08  Immortal (Chrono Boost), Pylon  
  112  8:10  Photon Cannon, Pylon  
  112  8:12  Photon Cannon  
  116  8:13  Probe x2  
  116  8:14  Probe  
  116  8:19  Pylon  
  119  8:23  High Templar  
  119  8:24  High Templar  
  119  8:26  Zealot x3  
  129  8:27  Archon  
  129  8:34  Zealot  
  129  8:39  Gateway  
  129  8:40  Gateway  
  129  8:43  Gateway  
  129  8:44  Photon Cannon  
  129  8:46  Gateway  
  129  8:47  Protoss Ground Weapons Level 3 (Chrono Boost)  
  129  8:48  Observer (Chrono Boost), Photon Cannon  
  130  8:50  Photon Cannon  
  130  8:53  Photon Cannon  
  130  8:54  Immortal (Chrono Boost)  
  134  9:04  Shield Battery  
  134  9:07  Shield Battery  
  134  9:10  Zealot x2  
  134  9:11  Assimilator  
  134  9:13  Probe x3  
  134  9:15  Zealot  
  134  9:16  Assimilator  
  143  9:23  Zealot x3  
  149  9:31  Immortal  
  153  9:33  Probe  
  153  9:37  Pylon  
  154  9:38  Pylon  
  154  9:40  High Templar x4  
  154  9:41  High Templar x2  
  154  9:45  Archon x2  
  166  9:48  Stalker x4  
  166  9:52  Phoenix (Chrono Boost)  
  172  9:56  Archon  
  162  10:14  Stalker x9  
  158  10:16  Probe  
  158  10:17  Probe x3  
  174  10:27  Phoenix  
  176  10:29  Probe  
  176  10:31  Probe  
  176  10:35  High Templar  
  178  10:39  High Templar  
  178  10:40  Zealot x7  
  178  10:41  Zealot  
  196  10:44  Archon  
  196  10:48  Probe x2  
  196  10:49  Probe  
  196  10:52  Photon Cannon  
  196  10:56  Photon Cannon  
  192  10:57  Probe  
  187  11:06  Zealot x5  
  187  11:10  Protoss Shields Level 1 (Chrono Boost)  
  195  11:14  Observer (Chrono Boost)  
  190  11:18  Warp Prism (Chrono Boost)  
  190  11:25  Probe x4  
  169  11:27  High Templar x6  
  169  11:28  Zealot  
  181  11:37  Probe x3  
  183  11:42  Archon x3  
  183  11:44  Immortal (Chrono Boost)  
  139  11:48  Immortal (Chrono Boost)  
  139  11:54  Probe x4  
  132  11:56  Pylon  
  132  12:01  High Templar x2, Zealot x5  
  139  12:05  Archon  
  139  12:06  Probe x4  
  150  12:14  Pylon  
  150  12:18  Probe x2  
  150  12:19  High Templar x2  
  156  12:23  High Templar, Archon  
  156  12:24  High Templar  
  156  12:29  Archon, Pylon  
  160  12:32  Shield Battery  
  160  12:34  Shield Battery  
  160  12:36  Zealot x2  
  163  12:47  Nexus  
  145  12:52  Zealot x3  
  145  12:53  Zealot x3  
  135  13:00  Zealot x4  
  129  13:10  Probe  
  129  13:11  Phoenix  
  125  13:15  Stalker x2  
  125  13:21  Stalker x2  
  124  13:28  Probe  
  124  13:29  Stalker x2  
  127  13:36  High Templar x4  
  127  13:40  Archon  
  127  13:41  Archon  
  135  13:45  High Templar x2, Photon Cannon  
  135  13:46  High Templar x2  
  135  13:47  Probe x4  
  135  13:48  Photon Cannon  
  147  13:50  Archon x2, Photon Cannon  
  147  13:53  Zealot x2  
  151  14:09  Zealot x4  
  145  14:12  Probe  
  145  14:13  Probe x2  
  134  14:23  High Templar x5  
  144  14:24  High Templar  
  144  14:27  Archon  
  144  14:28  Archon  
  144  14:30  Zealot  
  148  14:33  Archon  
  144  14:39  High Templar  
  144  14:40  High Templar, Zealot  
  144  14:44  Archon  
  150  14:56  Zealot x6  
  144  15:00  Stalker x7  
  158  15:09  Zealot  
  158  15:34  Zealot  
  160  15:39  Nexus, High Templar  
  160  15:40  High Templar  
  158  15:44  Archon  
  157  16:08  Nexus, Pylon x2  
  157  16:15  Pylon  
  157  16:29  High Templar x3  
  157  16:30  High Templar  
  165  16:34  Archon x2  
  165  16:35  Stalker x4  
  173  16:46  Photon Cannon  
  173  16:51  Shield Battery  
  173  16:57  Pylon  
  173  17:07  Zealot x3  
  179  17:10  Zealot  
  149  17:30  Stalker x3  
  133  17:42  Zealot x2  
  95  17:58  Stalker x3  
  95  18:07  Zealot x2  
  95  18:10  Stalker x2  
  93  18:31  Zealot x6  
Show
View Real Time Build Order
Export as new Build Order

Reynor Zerg - Winner!

Build Orders: Hatch First 

Get SALT Encoding   

  12  0:01  Drone  
  13  0:09  Drone  
  14  0:14  Extractor, Drone  
  15  0:36  Hatchery  
  15  0:41  Extractor, Drone  
  15  0:47  Overlord  
  15  1:02  Spawning Pool  
  14  1:06  Drone  
  14  1:09  Drone  
  16  1:12  Drone  
  17  1:19  Drone  
  18  1:26  Extractor  
  18  1:28  Drone  
  18  1:38  Drone  
  19  1:49  Drone, Queen x2  
  19  1:50  Drone  
  25  1:58  Drone  
  25  1:59  Overlord  
  26  2:09  Zergling x2  
  26  2:10  Zergling x2  
  28  2:20  Drone  
  28  2:22  Drone  
  30  2:30  Hatchery  
  30  2:31  Drone  
  30  2:36  Queen  
  32  2:40  Overlord  
  32  2:43  Drone  
  33  2:45  Drone  
  34  2:52  Queen  
  36  2:59  Drone x3  
  36  3:04  Zergling x4  
  36  3:05  Drone  
  42  3:09  Overlord  
  43  3:12  Drone  
  43  3:13  Drone  
  44  3:25  Metabolic Boost, Overlord  
  44  3:27  Drone  
  44  3:28  Queen  
  44  3:31  Drone  
  44  3:33  Drone  
  49  3:37  Queen  
  49  3:40  Drone  
  52  3:43  Spore Crawler  
  52  3:44  Drone  
  52  3:45  Drone  
  52  3:47  Drone  
  54  3:51  Drone  
  54  3:52  Drone x2  
  57  3:55  Overlord  
  57  3:59  Spore Crawler  
  57  4:00  Drone  
  57  4:03  Spore Crawler  
  57  4:04  Drone  
  57  4:05  Drone  
  57  4:07  Drone  
  57  4:08  Drone  
  60  4:11  Overlord  
  60  4:13  Drone  
  60  4:16  Queen  
  64  4:18  Drone  
  64  4:21  Drone  
  64  4:22  Spore Crawler  
  64  4:25  Drone x2  
  64  4:26  Drone  
  64  4:29  Drone x2  
  69  4:32  Drone  
  69  4:34  Spore Crawler  
  69  4:35  Drone  
  69  4:36  Drone  
  69  4:37  Drone x2  
  73  4:42  Zergling x2  
  73  4:44  Zergling x6  
  77  4:47  Overlord  
  77  4:49  Drone  
  78  4:56  Drone  
  78  4:57  Evolution Chamber  
  78  4:59  Drone x2  
  80  5:00  Hatchery  
  80  5:04  Drone x2  
  80  5:05  Drone  
  80  5:06  Drone  
  83  5:09  Lair  
  83  5:10  Extractor, Drone x3  
  83  5:12  Extractor  
  84  5:16  Roach Warren  
  84  5:19  Overlord  
  83  5:23  Zergling x6  
  83  5:24  Drone x4  
  89  5:32  Zergling x6  
  88  5:36  Overlord  
  88  5:38  Drone x2  
  88  5:39  Zerg Melee Weapons Level 1  
  88  5:42  Extractor  
  89  5:44  Overlord  
  89  5:51  Drone x4  
  89  5:53  Extractor  
  89  5:54  Overlord  
  89  5:55  Extractor, Drone x3  
  89  5:57  Drone  
  94  6:05  Roach  
  94  6:07  Roach x2  
  94  6:08  Roach x3  
  105  6:15  Roach x4  
  113  6:19  Queen  
  113  6:21  Overlord  
  113  6:23  Overlord  
  113  6:24  Overlord  
  115  6:30  Roach x3  
  115  6:31  Roach x3  
  115  6:32  Hatchery  
  126  6:36  Overlord  
  126  6:37  Drone  
  127  6:43  Roach x4  
  127  6:44  Roach x3  
  130  6:49  Zergling x4, Roach x2  
  130  6:50  Zergling x4  
  130  6:52  Zergling x2  
  121  7:01  Zergling x2, Roach x3  
  121  7:03  Roach  
  121  7:05  Drone x3  
  121  7:06  Spore Crawler  
  122  7:10  Roach x2  
  122  7:15  Zergling x2, Roach x3  
  110  7:24  Drone x5  
  110  7:25  Drone  
  110  7:29  Zergling x2, Roach x2  
  115  7:30  Queen  
  115  7:34  Drone x3  
  115  7:36  Drone  
  119  7:38  Drone  
  119  7:39  Drone  
  119  7:41  Drone  
  122  7:46  Zergling x8  
  122  7:47  Spire  
  125  7:52  Drone x3  
  125  7:53  Baneling Nest, Queen  
  125  7:56  Extractor  
  125  7:57  Drone  
  125  7:58  Extractor  
  127  7:59  Glial Reconstitution  
  127  8:02  Queen  
  127  8:04  Zerg Melee Weapons Level 2  
  129  8:07  Zergling x12  
  129  8:11  Drone x3  
  138  8:14  Overlord  
  138  8:17  Zergling x12  
  144  8:26  Spine Crawler  
  143  8:27  Overlord  
  143  8:29  Zergling x8  
  143  8:30  Zergling x6  
  143  8:33  Overlord  
  150  8:36  Zergling x2  
  151  8:41  Centrifugal Hooks  
  151  8:47  Overlord  
  151  8:48  Overlord  
  150  8:53  Overseer  
  150  8:59  Mutalisk x9  
  150  9:02  Zergling x12  
  174  9:03  Zergling x4  
  174  9:06  Ravager  
  174  9:09  Mutalisk  
  177  9:11  Zergling x4  
  177  9:14  Spore Crawler, Ravager x2  
  177  9:15  Zergling x10, Spore Crawler  
  177  9:16  Zergling x2  
  186  9:19  Zergling x12  
  192  9:33  Zergling x14  
  192  9:38  Overlord  
  200  9:39  Infestation Pit  
  200  9:41  Baneling x13  
  200  9:42  Baneling x7  
  199  9:58  Baneling x5  
  199  9:59  Baneling x10  
  190  10:12  Zergling x36  
  190  10:13  Zergling x10  
  185  10:16  Hatchery  
  185  10:19  Hive  
  166  10:22  Zergling x6  
  167  10:34  Zergling x18  
  176  10:37  Drone x5  
  176  10:39  Zerg Missile Weapons Level 1  
  176  10:40  Baneling  
  176  10:41  Baneling x24  
  181  10:49  Zergling x10  
  185  11:00  Zergling x16  
  184  11:07  Zergling x10, Roach x3  
  194  11:14  Baneling x26  
  193  11:25  Zergling x10, Roach x2  
  190  11:26  Zergling x10  
  195  11:37  Baneling x19  
  187  11:43  Zergling x16, Roach x3  
  187  11:44  Queen  
  187  11:46  Roach  
  170  11:48  Roach  
  170  11:50  Zergling x2  
  161  11:55  Zergling x8  
  161  11:58  Adrenal Glands  
  161  11:59  Zergling x2  
  161  12:00  Zergling x6  
  161  12:01  Drone x2  
  171  12:09  Zergling x18  
  171  12:10  Zergling x2  
  181  12:16  Ravager x3  
  181  12:20  Zergling x10  
  181  12:21  Zergling x6  
  192  12:24  Hatchery  
  192  12:27  Ravager x4  
  192  12:29  Zergling x4  
  197  12:33  Zergling x6  
  200  12:40  Greater Spire  
  200  12:41  Zerg Melee Weapons Level 3  
  199  12:49  Zergling x34  
  185  12:52  Zergling x2  
  185  12:55  Zergling x6, Roach x2  
  179  13:03  Roach x3  
  179  13:04  Zergling x4, Roach x2  
  165  13:09  Zergling x2, Roach  
  165  13:10  Zergling x4  
  163  13:14  Roach  
  163  13:22  Roach x10  
  179  13:27  Baneling x10  
  179  13:31  Zergling x6  
  178  13:41  Zergling x10  
  178  13:45  Drone x3  
  186  13:49  Baneling x6  
  186  13:53  Corruptor x4  
  193  14:00  Zergling x10  
  168  14:18  Zergling x20  
  168  14:21  Corruptor  
  170  14:27  Brood Lord x3  
  170  14:29  Brood Lord  
  178  14:33  Zergling x16  
  186  14:48  Baneling x2  
  186  14:49  Baneling x7  
  186  14:51  Overlord  
  183  14:55  Brood Lord  
  183  14:57  Roach x10  
  192  15:04  Overlord  
  185  15:19  Corruptor x3  
  185  15:20  Queen  
  181  15:33  Drone x4, Extractor  
  181  15:34  Extractor  
  176  15:51  Brood Lord x3  
  176  15:56  Drone x9  
  175  16:04  Queen  
  171  16:11  Corruptor, Hatchery  
  171  16:13  Corruptor x2  
  165  16:18  Infestor  
  165  16:24  Drone  
  165  16:25  Drone x2  
  170  16:26  Zergling x2  
  170  16:27  Zergling x8, Extractor x2  
  173  16:32  Zerg Flyer Weapons Level 1  
  173  16:40  Drone x3  
  173  16:41  Zergling x10  
  173  16:45  Brood Lord  
  183  16:47  Overlord  
  183  16:49  Overlord  
  183  16:54  Overlord  
  183  17:07  Brood Lord x2  
  181  17:16  Zergling x24  
  167  17:30  Zergling x2  
  167  17:31  Zergling x16  
  158  17:37  Zergling x2  
  158  17:43  Zergling x12  
  150  17:46  Zergling x2  
  150  17:48  Zergling x6  
  142  17:53  Zergling x8  
  142  17:59  Roach  
  142  18:04  Zergling x2, Roach  
  142  18:05  Zergling x4  
  147  18:12  Zergling x2, Roach x2  
  151  18:18  Zergling x4, Roach  
  151  18:19  Zergling x6  
  158  18:25  Zergling x2  
Tags
 
Add a new tag
Caveats
  • Supply blocks, unpowered buildings, or Contaminate may cause inaccurate times.
  • Supply counts are checked every 10 seconds.